 Dungeon Crawl Stone Soup version 0.30-b1-5-g8e6c1be481 (webtiles) character file.

Game seed: 15588051137183579697

14613 booth the Summoner (level 12, -1/91 HPs)
             Began as a Gnoll Summoner on May 3, 2023.
             Was a Priest of Sif Muna.
             Slain by Sonja
             ... wielding a +1 short sword of distortion
              (21 damage)
             ... on level 11 of the Dungeon on May 4, 2023.
             The game lasted 01:43:41 (11799 turns).

booth the Summoner (Gnoll Summoner)                Turns: 11799, Time: 01:43:42

Health: -1/91      AC: 17    Str: 10    XL:     12   Next: 18%
Magic:  3/24       EV: 15    Int: 17    God:    Sif Muna [***...]
Gold:   156        SH:  0    Dex: 16    Spells: 3/28 levels left

rFire   . . .        c - +2 short sword (venom)
rCold   + . .        (no shield)
rNeg    . . .        F - +0 acid dragon scales
rPois   .            p - +3 helmet of Skepticism {Dex+3}
rElec   .            (no cloak)
rCorr   +            a - +2 pair of gloves
SInv    +            o - +1 pair of boots
Will    .....        (no amulet)
Stlth   ++++         l - ring of protection from cold
HPRegen 0.35/turn    A - ring of see invisible
MPRegen 0.19/turn

%: no passive effects
@: no status effects
A: fangs 1, strong nose, distributed training, claws 1
a: Renounce Religion, Channel Magic, Forget Spell


You were on level 11 of the Dungeon.
You worshipped Sif Muna.
Sif Muna was most pleased with you.
You visited 2 branches of the dungeon, and saw 12 of its levels.

You collected 587 gold pieces.
You spent 431 gold pieces at shops.

Inventory:

Hand Weapons
 c - a +2 short sword of venom (weapon)
 m - a +0 falchion of holy wrath
 w - a +1 falchion of freezing
 x - a +4 war axe of freezing
 B - a +3 heavy mace
 E - a +2 eveningstar of protection
Missiles
 g - 14 boomerangs (quivered)
 j - 38 poisoned darts
Armour
 a - a +2 pair of gloves (worn)
 e - a +0 leather armour
 o - a +1 pair of boots (worn)
 p - the +3 helmet of Skepticism (worn) {Dex+3}
   (You found it on level 3 of the Dungeon)

   Dex:       It affects your dexterity (+3).
 F - +0 acid dragon scales (worn)
Jewellery
 l - a ring of protection from cold (left hand)
 A - a ring of see invisible (right hand)
 H - a ring of protection from cold
Wands
 f - a wand of roots (3)
 v - a wand of polymorph (4)
 y - a wand of charming (9)
Scrolls
 b - 2 scrolls of fog
 r - a scroll of amnesia {unknown}
 s - a scroll of teleportation
Potions
 d - 5 potions of might
 h - 5 potions of brilliance
 i - a potion of invisibility
 k - 8 potions of curing
 n - 3 potions of attraction
 q - a potion of mutation {unknown}
 t - a potion of cancellation
 u - a potion of resistance
 z - 2 potions of degeneration {unknown}
 C - 2 potions of magic
 D - a potion of ambrosia {unknown}


   Skills:
 + Level 7.3 Fighting
 + Level 7.3 Short Blades
 + Level 7.3 Long Blades
 + Level 7.3 Axes
 + Level 7.3 Maces & Flails
 + Level 7.3 Polearms
 + Level 7.3 Staves
 + Level 7.3 Ranged Weapons
 + Level 7.3 Throwing
 + Level 7.3 Armour
 + Level 8.7 Dodging
 + Level 8.5 Stealth
 + Level 7.3 Shields
 + Level 7.3 Unarmed Combat
 + Level 8.9 Spellcasting
 + Level 6.0 Conjurations
 + Level 6.0 Hexes
 + Level 9.4 Summonings
 + Level 6.0 Necromancy
 + Level 6.0 Translocations
 + Level 6.0 Transmutations
 + Level 6.0 Fire Magic
 + Level 6.0 Ice Magic
 + Level 6.0 Air Magic
 + Level 6.0 Earth Magic
 + Level 6.0 Poison Magic
 + Level 8.0 Invocations
 + Level 7.3 Evocations


You had 3 spell levels left.
You knew the following spells:

 Your Spells              Type           Power      Damage    Failure   Level
a - Summon Small Mammal   Summ           100%       N/A       1%          1
b - Call Imp              Summ           78%        N/A       1%          2
c - Call Canine Familiar  Summ           39%        N/A       1%          3
d - Summon Guardian Gole  Hex/Summ       34%        N/A       1%          3
e - Poisonous Vapours     Pois/Air       56%        N/A       1%          2
f - Mephitic Cloud        Conj/Pois/Air  28%        N/A       3%          3
g - Summon Lightning Spi  Summ/Air       34%        N/A       6%          4
h - Summon Ice Beast      Ice/Summ       34%        N/A       6%          4
i - Inner Flame           Hex/Fire       28%        N/A       3%          3

Your spell library contained the following spells:

 Spells                   Type           Power      Damage    Failure   Level
 Freeze                   Ice            100%       1d10      1%          1
 Magic Dart               Conj           100%       1d8       1%          1
 Necrotise                Necr           100%       1d9       1%          1
 Searing Ray              Conj           56%        2d6       1%          2
 Sublimation of Blood     Necr           28%        N/A       1%          2
 Frozen Ramparts          Ice            56%        1d9       3%          3
 Hailstorm                Conj/Ice       28%        3d8       3%          3
 Teleport Other           Tloc           28%        N/A       3%          3
 Vampiric Draining        Necr           28%        2d8       3%          3
 Flame Wave               Conj/Fire      28%        2d9       12%         4
 Fulminant Prism          Conj/Hex       14%        3d9       12%         4
 Ice Form                 Ice/Tmut       28%        N/A       12%         4
 Manifold Assault         Tloc           28%        N/A       12%         4
 Petrify                  Tmut/Erth      28%        N/A       12%         4
 Sticky Flame             Conj/Fire      28%        2d5       12%         4
 Agony                    Necr           28%        N/A       32%         5
 Freezing Cloud           Conj/Ice/Air   14%        6-21      32%         5
 Irradiate                Conj/Tmut      14%        3d16      32%         5
 Dispersal                Tloc           14%        N/A       88%         6
 Malign Gateway           Summ/Tloc      17%        N/A       99%         7
 Disjunction              Tloc           14%        N/A       100%        8


Dungeon Overview and Level Annotations

Branches:
Dungeon (11/15)            Temple (1/1) D:4            Lair (0/5) D:9
    Orc: D:9-12

Altars:
Ashenzari
Cheibriados
Dithmenos
Elyvilon
Fedhas
Gozag
Hepliaklqana
Kikubaaqudgha
Makhleb
Nemelex Xobeh
Okawaru
Qazlal
Ru
Sif Muna
Trog
Uskayaw
Vehumet
Wu Jian
Xom
Yredelemnul
Zin
The Shining One

Shops:
D:2 (   D:8 !   D:9 ?

Annotations:
D:11 Sonja


Innate Abilities, Weirdness & Mutations

You have very sharp teeth.
Your uncanny sense of smell can sniff out nearby items.
Your experience applies equally to all skills.
You have sharp fingernails.


Message History

You hit the howler monkey.
The howler monkey is severely wounded.
The howler monkey hoots and howls with incredible vigour!
The howler monkey barely misses you. The cyclops hits your guardian golem!!
Your guardian golem is destroyed!
Your guardian golem disappears in a puff of smoke!
Casting: Call Canine Familiar (safe; 1% risk of failure)
Confirm with . or Enter, or press ? or * to list all spells.
A guardian golem appears, shielding your allies.
The howler monkey hoots and howls with incredible vigour!
The yak barely misses you.
Sonja gestures wildly while chanting.
Sonja blinks!
The yak attacks as you move away! The yak misses you.
You kill the howler monkey!
Sif Muna accepts your kill.
Sonja plants her feet in a plie.
Sonja gestures wildly while chanting.
Sonja blinks!
You hit the yak.
The yak is poisoned.
The yak is severely wounded.
Sonja casts a spell.
Sonja blinks!
The yak gores you!
Sonja hits you with a +1 short sword of distortion.
Space warps horribly around you! Sonja barely misses you. Sonja misses you.
Sonja hits you with a +1 short sword of distortion.
Space warps around you. Sonja completely misses you.
Sonja hits you but does no damage. Space warps horribly around you!
Sonja hits you but does no damage. Space warps around you!
Sonja hits you with a +1 short sword of distortion.
* * * LOW HITPOINT WARNING * * *
Space warps around you.
* * * LOW HITPOINT WARNING * * *
Sonja closely misses you. Sonja attacks as you move away!
Sonja completely misses you. Sonja misses you. Sonja closely misses you.
The cyclops hits your guardian golem! Sonja attacks as you move away!
Sonja hits you but does no damage. Space warps horribly around you!!
You die...

#..........# .
#..........# #.Y
##......).##
##.Yh.
##......).###°h..#
#...<††..††(..#
#..C.....°.(.##
#.9.T........#
#KYh.....)..##
#.@.........#
##........###
##......##
########


You could see a cyclops, a yak (very poisoned, ally target), a troll, Sonja, a
howler monkey and a friendly guardian golem (summoned).

Vanquished Creatures
  Snorg (D:11)
  2 two-headed ogres (D:10)
  Joseph (D:8)
  2 kobold demonologists
  Eustachio (D:4)
  7 yaks
  3 steam dragons
  A water moccasin (D:9)
  2 ice beasts
  A centaur (D:6)
  2 lemures (D:4)
  A phantom (D:5)
  3 scorpions
  2 bullfrogs
  3 wights (D:8)
  2 howler monkeys
  A gnoll bouda (D:7)
  A hound (D:7)
  4 iguanas
  A sleepcap (D:3)
  6 orc wizards
  2 gnolls
  5 adders
  A shadow imp (D:7)
  A white imp (D:6)
  An ufetubus (D:4)
  A dart slug (D:1)
  14 orcs
  3 hobgoblins
  4 kobolds
  2 quokkas
  4 bats
  A frilled lizard (D:3)
  2 rats (D:3)
88 creatures vanquished.

Vanquished Creatures (collateral kills)
  2 two-headed ogres
  Urug (D:10)
  A kobold demonologist (D:10)
  2 trolls
  3 yaks
  A shadow (D:10)
  4 acid dragons
  A water moccasin (D:9)
  An orc warrior (D:11)
  A wolf (D:8)
  3 centaurs
  A kobold brigand (D:10)
  A gnoll sergeant (D:3)
  4 wights
  6 howler monkeys
  3 jellies
  4 orc priests
  A hound (D:6)
  A gnoll bouda (D:8)
  Terence (D:2)
  4 orc wizards
  2 sleepcaps (D:3)
  2 adders
  6 gnolls
  A shadow imp (D:6)
  2 white imps (D:6)
  17 orcs
  2 endoplasms
  3 giant cockroaches
  8 goblins
  5 hobgoblins
  5 jackals
  9 kobolds
  A quokka (D:1)
  7 ball pythons
  A bat (D:2)
  4 frilled lizards
  5 rats
126 creatures vanquished.

Vanquished Creatures (others)
  Pikel (D:4)
  Maggie (D:8)
  2 wyverns (D:9)
  15 yaks
  2 basilisks
  Grum (D:8)
  A steam dragon (D:6)
  2 wolves (D:8)
  A lemure (D:4)
  2 kobold brigands
  A bullfrog (D:8)
  5 wights
  A gnoll (D:8)
  An orc (D:6)
  4 bushes (D:9)
  3 fungi (D:9)
  22 plants (D:9)
65 creatures vanquished.

Grand Total: 279 creatures vanquished

Notes
Turn   | Place    | Note
-------+----------+-------------------------------------------
     0 | D:1      | booth the Gnoll Summoner began the quest for the Orb.
     0 | D:1      | Reached XP level 1. HP: 13/13 MP: 6/6
   186 | D:1      | Got Teemo's Teachings on the Door
   439 | D:1      | Found a faded altar of an unknown god.
   450 | D:1      | Reached XP level 2. HP: 19/19 MP: 4/7
   806 | D:1      | Learned a level 2 spell: Call Imp
  1259 | D:2      | Found Xijy's Antique Weapon Shop.
  1280 | D:2      | Found a shimmering altar of Xom.
  1387 | D:2      | Reached skill level 5 in Spellcasting
  1387 | D:2      | Reached XP level 3. HP: 25/25 MP: 5/9
  1474 | D:2      | Noticed Terence
  1494 | D:2      | Killed Terence
  1495 | D:2      | Reached skill level 1 in Fighting
  1495 | D:2      | Reached skill level 1 in Short Blades
  1495 | D:2      | Reached skill level 1 in Long Blades
  1495 | D:2      | Reached skill level 1 in Axes
  1495 | D:2      | Reached skill level 1 in Maces & Flails
  1495 | D:2      | Reached skill level 1 in Polearms
  1495 | D:2      | Reached skill level 1 in Staves
  1495 | D:2      | Reached skill level 1 in Ranged Weapons
  1495 | D:2      | Reached skill level 1 in Throwing
  1495 | D:2      | Reached skill level 1 in Armour
  1495 | D:2      | Reached skill level 1 in Shields
  1495 | D:2      | Reached skill level 1 in Unarmed Combat
  1495 | D:2      | Reached skill level 1 in Invocations
  1495 | D:2      | Reached skill level 1 in Evocations
  1504 | D:2      | Learned a level 3 spell: Call Canine Familiar
  1508 | D:2      | Learned a level 3 spell: Summon Guardian Golem
  1685 | D:2      | Reached XP level 4. HP: 30/32 MP: 11/11
  2165 | D:3      | Reached skill level 1 in Conjurations
  2165 | D:3      | Reached skill level 1 in Hexes
  2165 | D:3      | Reached skill level 1 in Necromancy
  2165 | D:3      | Reached skill level 1 in Translocations
  2165 | D:3      | Reached skill level 1 in Transmutations
  2165 | D:3      | Reached skill level 1 in Fire Magic
  2165 | D:3      | Reached skill level 1 in Ice Magic
  2165 | D:3      | Reached skill level 1 in Air Magic
  2165 | D:3      | Reached skill level 1 in Earth Magic
  2165 | D:3      | Reached skill level 1 in Poison Magic
  2362 | D:3      | Identified the +3 helmet of Skepticism {Dex+3}
  2461 | D:3      | Learned a level 2 spell: Poisonous Vapours
  2546 | D:3      | Reached XP level 5. HP: 37/37 MP: 3/12
  2872 | D:4      | Noticed Pikel
  2872 | D:4      | Noticed a lemure
  2872 | D:4      | Noticed a lemure
  2873 | D:4      | Noticed a lemure
  2883 | D:3      | Reached XP level 6. HP: 29/44 MP: 12/14
  2944 | D:4      | Reached skill level 5 in Dodging
  3007 | D:4      | HP: 2/44 [Pikel/+2 whip of flaming (3)]
  3053 | D:4      | Killed Pikel
  3054 | D:4      | Reached skill level 5 in Stealth
  3054 | D:4      | Reached XP level 7. HP: 26/51 MP: 9/15
  3653 | D:4      | Noticed Eustachio
  3667 | D:4      | Killed Eustachio
  3668 | D:4      | Reached XP level 8. HP: 49/58 MP: 11/17
  4010 | D:4      | Found a staircase to the Ecumenical Temple.
  4020 | Temple   | Entered the Ecumenical Temple
  4089 | Temple   | Upgraded the game from 0.30-b1-2-g02819fbbbe to
                  | 0.30-b1-5-g8e6c1be481
  4192 | Temple   | Became a worshipper of Sif Muna the Loreminder
  4526 | D:5      | Entered Level 5 of the Dungeon
  4851 | D:5      | Found a sparkling altar of Nemelex Xobeh.
  4859 | D:5      | Found an ancient bone altar of Kikubaaqudgha.
  4859 | D:5      | Found a stormy altar of Qazlal.
  4872 | D:5      | Found a hazy altar of Hepliaklqana.
  5887 | D:6      | Reached XP level 9. HP: 44/65 MP: 8/18
  6024 | D:6      | Reached * piety under Sif Muna
  6440 | D:6      | Reached skill level 8 in Summonings
  6889 | D:7      | Found a broken altar of Ashenzari.
  7517 | D:7      | Reached skill level 5 in Invocations
  7729 | D:8      | Noticed Joseph
  7766 | D:8      | Killed Joseph
  7767 | D:8      | Reached skill level 5 in Fighting
  7767 | D:8      | Reached skill level 5 in Short Blades
  7767 | D:8      | Reached skill level 5 in Long Blades
  7767 | D:8      | Reached skill level 5 in Axes
  7767 | D:8      | Reached skill level 5 in Maces & Flails
  7767 | D:8      | Reached skill level 5 in Polearms
  7767 | D:8      | Reached skill level 5 in Staves
  7767 | D:8      | Reached skill level 5 in Ranged Weapons
  7767 | D:8      | Reached skill level 5 in Throwing
  7767 | D:8      | Reached skill level 5 in Armour
  7767 | D:8      | Reached skill level 5 in Shields
  7767 | D:8      | Reached skill level 5 in Unarmed Combat
  7767 | D:8      | Reached skill level 5 in Evocations
  7767 | D:8      | Reached XP level 10. HP: 20/74 MP: 1/20
  7981 | D:8      | Found Maomy's Distillery.
  7984 | D:8      | Bought a potion of magic for 112 gold pieces
  7984 | D:8      | Bought a potion of heal wounds for 70 gold pieces
  7984 | D:8      | Bought a potion of curing for 42 gold pieces
  7984 | D:8      | Bought a potion of heal wounds for 70 gold pieces
  7984 | D:8      | Bought a potion of curing for 42 gold pieces
  8064 | D:8      | Noticed Maggie
  8076 | D:8      | Noticed Grum
  8083 | D:8      | Killed Maggie
  8083 | D:8      | Reached ** piety under Sif Muna
  8091 | D:8      | Your ally Grum died
  8465 | D:8      | Learned a level 3 spell: Mephitic Cloud
  8470 | D:8      | Learned a level 4 spell: Summon Lightning Spire
  8657 | D:9      | Found Hahobus's Magic Scroll Emporium.
  8666 | D:9      | Bought a scroll of brand weapon for 95 gold pieces
  8690 | D:9      | Noticed a two-headed ogre
  8825 | D:9      | Reached skill level 5 in Conjurations
  8825 | D:9      | Reached skill level 5 in Hexes
  8825 | D:9      | Reached skill level 5 in Necromancy
  8825 | D:9      | Reached skill level 5 in Translocations
  8825 | D:9      | Reached skill level 5 in Transmutations
  8825 | D:9      | Reached skill level 5 in Fire Magic
  8825 | D:9      | Reached skill level 5 in Ice Magic
  8825 | D:9      | Reached skill level 5 in Air Magic
  8825 | D:9      | Reached skill level 5 in Earth Magic
  8825 | D:9      | Reached skill level 5 in Poison Magic
  8826 | D:9      | Reached XP level 11. HP: 43/81 MP: 3/22
  9503 | D:9      | Killed a two-headed ogre
  9504 | D:9      | Reached skill level 9 in Summonings
  9740 | D:9      | Found a white marble altar of Elyvilon.
  9859 | D:9      | Found a staircase to the Lair.
 10170 | D:10     | Entered Level 10 of the Dungeon
 10377 | D:10     | Noticed a two-headed ogre
 10442 | D:10     | Reached *** piety under Sif Muna
 10443 | D:10     | Noticed Urug
 10475 | D:10     | Killed a two-headed ogre
 10485 | D:10     | Killed Urug
 10494 | D:10     | Gained mutation: You have sharp fingernails. [a neqoxec]
 10526 | D:10     | Noticed a sixfirhy
 10894 | D:10     | Noticed a two-headed ogre
 10918 | D:10     | Killed a two-headed ogre
 10950 | D:10     | Noticed a two-headed ogre
 11009 | D:10     | Killed a two-headed ogre
 11270 | D:10     | Found an opulent altar of Gozag.
 11270 | D:10     | Found an ornate altar of the Wu Jian Council.
 11280 | D:10     | Learned a level 4 spell: Summon Ice Beast
 11284 | D:10     | Learned a level 3 spell: Inner Flame
 11560 | D:11     | Noticed a cyclops
 11712 | D:11     | Noticed Snorg
 11727 | D:11     | Killed Snorg
 11728 | D:11     | Reached XP level 12. HP: 74/91 MP: 15/24
 11779 | D:11     | Noticed Sonja
 11799 | D:11     | Slain by Sonja

Illustrated notes

Levels and vault maps discovered:
D:1:      dpeg_arrival_water_fire, layout_loops_ring, basic_ecumenical_altar
D:2:      minmay_alternating_diamond, layout_loops_ring, serial_shops, shop,
          basic_altar, nicolae_elevator_lobby_asterisk, uniq_terence
D:3:      layout_loops_ring, hellmonk_no_cap
D:4:      layout_basic, minmay_temple_entry_poolview, uniq_eustachio, uniq_pikel
D:5:      layout_gridville, minitemple
D:6:      layout_basic, water_maze_lemuel
D:7:      layout_cave_pools, cheibrodos_ashenzari_chains
D:8:      layout_rooms, serial_shops, kennysheep_mini_moat, uniq_maggie,
          uniq_grum, uniq_joseph
D:9:      layout_irregular_city, elyvilon_altar_3, minmay_lair_entry_grove,
          serial_shops, nicolae_stop_n_shop_1, serial_column_ruins,
          column_ruins_grid_1, column_ruins_open_large,
          column_ruins_columns_straight, column_ruins_grid_1,
          column_ruins_columns_straight, column_ruins_grid_2
D:10:     layout_rooms, gammafunk_temple_overflow_statue, dk_noncrumbling_4,
          uniq_urug
D:11:     layout_rooms, trove_entry_hex_spiral, minivault_7, uniq_snorg,
          uniq_sonja
Temple:   jpeg_temple_clearing

Skill      XL: |  1  2  3  4  5  6  7  8  9 10 11 12 |
---------------+-------------------------------------+-----
Spellcasting   | 5 6 7 8 |  8.9
Fighting       | 1 2 3 5 6 7 |  7.3
Short Blades   | 1 2 3 5 6 7 |  7.3
Long Blades    | 1 2 3 5 6 7 |  7.3
Axes           | 1 2 3 5 6 7 |  7.3
Maces & Flails | 1 2 3 5 6 7 |  7.3
Polearms       | 1 2 3 5 6 7 |  7.3
Staves         | 1 2 3 5 6 7 |  7.3
Ranged Weapons | 1 2 3 5 6 7 |  7.3
Throwing       | 1 2 3 5 6 7 |  7.3
Armour         | 1 2 3 5 6 7 |  7.3
Shields        | 1 2 3 5 6 7 |  7.3
Unarmed Combat | 1 2 3 5 6 7 |  7.3
Invocations    | 1 2 3 4 5 6 7 8 |  8.0
Evocations     | 1 2 3 5 6 7 |  7.3
Conjurations   | 1 2 3 4 5 6 |  6.0
Hexes          | 1 2 3 4 5 6 |  6.0
Necromancy     | 1 2 3 4 5 6 |  6.0
Translocations | 1 2 3 4 5 6 |  6.0
Transmutations | 1 2 3 4 5 6 |  6.0
Fire Magic     | 1 2 3 4 5 6 |  6.0
Ice Magic      | 1 2 3 4 5 6 |  6.0
Air Magic      | 1 2 3 4 5 6 |  6.0
Earth Magic    | 1 2 3 4 5 6 |  6.0
Poison Magic   | 1 2 3 4 5 6 |  6.0
Dodging        | 5 6 7 8 |  8.7
Stealth        | 5 6 7 8 |  8.5
Summonings     | 8 9 |  9.4

Action                     |  1- 3 |  4- 6 |  7- 9 | 10-12 || total
---------------------------+-------+-------+-------+-------++-------
  Melee: Unarmed           |     7 |       |       |       ||     7
         Bite              |     6 |     7 |    27 |    35 ||    75
         Dagger            |    42 |       |       |       ||    42
         Falchion          |     2 |     8 |       |       ||    10
         Short sword       |       |    57 |   205 |   211 ||   473
         Punch             |       |     2 |     4 |    13 ||    19
  Throw: Boomerang         |     2 |     8 |    10 |    13 ||    33
         Dart              |       |       |     1 |    12 ||    13
   Cast: Summon Small Mamm |    14 |     2 |       |       ||    16
         Call Imp          |     6 |    12 |    30 |    24 ||    72
         Call Canine Famil |       |     7 |    21 |    29 ||    57
         Summon Guardian G |       |     3 |     5 |    20 ||    28
         Poisonous Vapours |       |       |     2 |     2 ||     4
         Summon Lightning  |       |       |       |     3 ||     3
         Mephitic Cloud    |       |       |       |     1 ||     1
         Summon Ice Beast  |       |       |       |     1 ||     1
  Evoke: Wand              |       |       |       |     1 ||     1
    Use: Scroll            |     2 |     5 |     5 |     8 ||    20
         Potion            |     1 |     4 |     4 |     4 ||    13
   Stab: Distracted        |     1 |     2 |     3 |     2 ||     8
         Sleeping          |     1 |     2 |     2 |       ||     5
         Confused          |       |       |       |     1 ||     1
 Armour: Robe              |     6 |     9 |    40 |       ||    55
         Leather armour    |       |       |    17 |     3 ||    20
         Acid dragon scale |       |       |       |   108 ||   108
  Dodge: Dodged            |    28 |    47 |   135 |   202 ||   412
